 Dungeon Crawl Stone Soup version 0.29.1-1-gd02db69 (webtiles) character file.

Game seed: 6557670206948444897

97 Kel the Chopper (level 4, -2/28 HPs)
             Began as a Gargoyle Berserker on Dec 7, 2022.
             Was a Believer of Trog.
             Killed by divine providence
             ... invoked by an orc priest
              (10 damage)
             ... on level 3 of the Dungeon.
             The game lasted 00:03:06 (2258 turns).

Kel the Chopper (Gargoyle Berserker)                Turns: 2258, Time: 00:03:06

Health: -2/28      AC: 14    Str: 23    XL:     4   Next: 68%
Magic:  4/4        EV: 11    Int:  7    God:    Trog [**....]
Gold:   61         SH:  5    Dex:  9    Spells: 3/3 levels left

rFire   . . .      SeeInvis .   a - +0 hand axe
rCold   . . .      Faith    .   (no shield)
rNeg    + . .      Spirit   .   p - +0 ring mail
rPois   ∞          Reflect  +   (no helmet)
rElec   +          Harm     .   (no cloak)
rCorr   .          Rampage  .   c - +0 pair of gloves
Will    .....                   (no boots)
Stlth   ..........              e - amulet of reflection
HPRegen 0.09/turn               j - +4 ring of protection
MPRegen 0.09/turn               (no ring)

@: attractive
A: sickness immunity, AC +3, negative energy resistance 1, electricity
resistance, torment resistance 1, petrification resistance
a: Renounce Religion, Berserk, Trog's Hand


You were on level 3 of the Dungeon.
You worshipped Trog.
Trog was pleased with you.
You visited 1 branch of the dungeon, and saw 3 of its levels.

You collected 61 gold pieces.

Inventory:

Hand Weapons
 a - a +0 hand axe (weapon)
Armour
 c - a +0 pair of gloves (worn)
 p - a +0 ring mail (worn)
Jewellery
 e - an amulet of reflection (around neck)
 j - a +4 ring of protection (left hand)
Wands
 n - a wand of mindburst (6)
Scrolls
 d - 2 scrolls of immolation {unknown}
 i - 2 scrolls of amnesia {unknown}
 m - a scroll of noise {unknown}
 o - 2 scrolls of identify {unknown}
Potions
 f - 2 potions of haste {unknown}
 g - a potion of degeneration {unknown}
 h - a potion of cancellation {unknown}
 k - 2 potions of attraction
 l - a potion of ambrosia {unknown}


   Skills:
 - Level 3.2 Fighting
 + Level 4.8 Axes
 - Level 2.1 Armour
 - Level 1.5 Dodging


You had 3 spell levels left.
You didn't know any spells.
Your spell library was empty.

Dungeon Overview and Level Annotations

Branches:
Dungeon (3/15)

Altars:
Sif Muna


Innate Abilities, Weirdness & Mutations

You are immune to sickness and miasma.
Your stone body is resilient. (AC +3)
You are immune to poison.
You resist negative energy. (rN+)
You are resistant to electric shocks. (rElec)
You are resistant to unholy torment.
You are immune to petrification.


Message History

The orc priest calls down the wrath of Beogh upon you.
Pain shoots through your body!
You hit the endoplasm.
The endoplasm is moderately wounded.
The orc priest calls down the wrath of Beogh upon you.
Beogh smites you! The endoplasm barely misses you.
The orc wizard casts a spell.
The orc wizard flickers and vanishes!
Deactivating autopickup; reactivate with Ctrl-A.
You hear a shout!
You are too injured to fight recklessly!
You are too injured to fight recklessly!
You are too injured to fight recklessly!
You are too injured to fight recklessly!
You are too injured to fight recklessly!
You are too injured to fight recklessly!
You are too injured to fight recklessly!
You are too injured to fight recklessly!
You are too injured to fight recklessly!
You are too injured to fight recklessly!
You are too injured to fight recklessly!
You are too injured to fight recklessly!
You are too injured to fight recklessly!
You are too injured to fight recklessly!
You are too injured to fight recklessly!
You are too injured to fight recklessly!
The orc priest casts a cantrip, but nothing happens.
The endoplasm attacks as you move away! The endoplasm barely misses you.
As you open the door, it creaks loudly! The endoplasm freezes you.
You are frozen.
* * * LOW HITPOINT WARNING * * *
Found a shimmering blue altar of Sif Muna.
Found an escape hatch in the floor.
Okay, then.
It was a potion of attraction.
You feel attractive to monsters.
The orc priest mumbles some strange prayers to Beogh against you.
Beogh smites you!
You die...

.# ###.# .# ## .... .# .# .
... #.# .# . #.. #.# .# .#
#..######.## .###.##
#..........
.##...#######.o### #.# ..##
.†...........?BJ.###.###....
..#...###.######@...........
#.........# §≈§'..##.###.##
#.........#≈§.§#..#...##.#
#.........#≈>_≈#.........#
'.#..<###.#≈≈≈ #.##...##.#
###...# #.######.###.....# #
#...# #........#
####..####.# #.###
#.###.#..# #........ #.#
###.###...##### #.#####.#


You could see an orc priest, an endoplasm and a giant cockroach.

Vanquished Creatures
  An orc wizard (D:3)
  An adder (D:3)
  2 dart slugs
  4 orcs (D:3)
  5 endoplasms
  4 giant cockroaches
  4 goblins
  4 hobgoblins
  4 quokkas
  4 ball pythons
  7 bats
  A frilled lizard (D:2)
  4 kobolds
  5 rats
50 creatures vanquished.

Notes
Turn   | Place    | Note
-------+----------+-------------------------------------------
     0 | D:1      | Kel the Gargoyle Berserker began the quest for the Orb.
     0 | D:1      | Reached XP level 1. HP: 14/14 MP: 1/1
    94 | D:1      | Reached skill level 3 in Axes
   274 | D:1      | Reached XP level 2. HP: 19/19 MP: 2/2
   706 | D:1      | Found a faded altar of an unknown god.
  1010 | D:1      | Reached ** piety under Trog
  1011 | D:1      | Reached XP level 3. HP: 23/23 MP: 3/3
  1414 | D:2      | Reached skill level 4 in Axes
  1851 | D:3      | Reached XP level 4. HP: 22/28 MP: 4/4
  2257 | D:3      | Found a shimmering blue altar of Sif Muna.
  2258 | D:3      | Killed from afar by an orc priest

Illustrated notes

Levels and vault maps discovered:
D:1:      tarquinn_simple_flora_water_d, layout_basic,
          ebering_ecumenical_altar_sacrificial, serial_curves, eino_curves_03,
          eino_curves_02, minivault_24
D:2:      layout_basic
D:3:      layout_loops_ring, general_overflow_altar, st_stairs_9,
          grunt_ministairs_15, chequers_arboretum, dk_vineyard_2

Skill      XL: |  1  2  3 |
---------------+----------+-----
Axes           | 3 4 |  4.8
Fighting       | |  3.2
Armour         | |  2.1
Dodging        | |  1.5

Action                   |  1- 3 |  4- 6 || total
-------------------------+-------+-------++-------
Melee: Hand axe          |   147 |    29 ||   176
       Punch             |     1 |       ||     1
  Use: Potion            |       |     1 ||     1
Armor: Animal skin       |    55 |     1 ||    56
       Ring mail         |       |     6 ||     6
Dodge: Dodged            |    86 |    12 ||    98
Block: Other             |    35 |     6 ||    41
       Reflection        |     1 |       ||     1
